 Dungeon Crawl Stone Soup version 0.21-a0-110-g8e1637b (webtiles) character file.

52 Goblin1989 the Cudgeler (level 3, 0/43 HPs)
             Began as a Demonspawn Monk on July 6, 2017.
             Succumbed to an adder's poison
             ... on level 2 of the Dungeon on July 7, 2017.
             The game lasted 00:04:18 (1041 turns).

Goblin1989 the Cudgeler (Demonspawn Monk)           Turns: 1041, Time: 00:04:18

Health: 0/43       AC: 21    Str: 12    XL:     3   Next: 60%
Magic:  3/3        EV:  2    Int: 11    God:
Gold:   80         SH:  0    Dex: 15    Spells: 2/2 levels left

rFire    . . .     SeeInvis .   a - +0 mace
rCold    . . .     Gourm    .   (no shield)
rNeg     + + +     Faith    .   (armour currently unavailable)
rPois    +         Spirit   .   (helmet currently unavailable)
rElec    .         Reflect  .   (cloak currently unavailable)
rCorr    .         Harm     .   (gloves currently unavailable)
MR       .....     NoTele   +   (boots currently unavailable)
Stlth    ++........             (no amulet)
HPRegen  0.14/turn              (no ring)
MPRegen  0.08/turn              (no ring)

@: lethally poisoned (0 -> -7), tree-form, hasted, very quick
A: screaming 1, rot immunity
a: no special abilities


You were on level 2 of the Dungeon.
You were hungry.
You were a tree.
You visited 1 branch of the dungeon, and saw 2 of its levels.

You collected 80 gold pieces.

Inventory:

Hand Weapons
 a - a +0 mace (weapon)
Missiles
 f - 15 sling bullets
 l - 32 stones (quivered)
 m - 17 bolts
Armour
 h - a +0 ring mail (melded)
Scrolls
 R - 2 scrolls of identify {@r1}
Comestibles
 e - 2 bread rations {@e1}


   Skills:
 - Level 3.0 Fighting
 + Level 4.2 Maces & Flails
 - Level 2.6 Dodging
 - Level 1.7 Stealth


You had 2 spell levels left.
You didn't know any spells.

Dungeon Overview and Level Annotations

Branches:
Dungeon (2/15)

Altars:


Innate Abilities, Weirdness & Mutations

((You are partially covered in thin metallic scales. (AC +2)))
You are immune to rotting.
((Your flesh is heat resistant. (rF+)))
You occasionally shout uncontrollably at your foes.


Message History

You are too injured to fight recklessly!
You are too injured to fight recklessly!
You are too injured to fight recklessly!
You are too injured to fight recklessly!
You are too injured to fight recklessly!
You are too injured to fight recklessly!
You are too injured to fight recklessly!
You are too injured to fight recklessly!
You are too injured to fight recklessly!
You are too injured to fight recklessly!
You are too injured to fight recklessly!
You are too injured to fight recklessly!
You are too injured to fight recklessly!
You are too injured to fight recklessly!
Unknown command.
You closely miss the adder.
The adder is heavily wounded.
You feel sick. The adder bites you.
* * * LOW HITPOINT WARNING * * *
You are lethally poisoned!
The adder poisons you!
The leopard gecko bites you but does no damage.
The adder bites you.
* * * LOW HITPOINT WARNING * * *
You are more poisoned.
The adder poisons you!
You take 4 damage, and have 10/29 hp.
It was a potion of mutation.
You feel extremely strange.
You feel the urge to shout.
You feel resistant to heat.
* * * LOW HITPOINT WARNING * * *
You feel sick. The leopard gecko closely misses you.
The adder closely misses you.
You take 1 damage, and have 9/29 hp.
It was a potion of haste.
You feel yourself speed up.
* * * LOW HITPOINT WARNING * * *
You feel sick.
The leopard gecko bites you but does no damage.
The adder bites you but does no damage. The leopard gecko misses you.
You take 2 damage, and have 7/29 hp.
It was a potion of lignification.
You turn into a tree.
Your +0 ring mail melds into your body.
Your roots penetrate the ground.
* * * LOW HITPOINT WARNING * * *
You feel sick. The adder bites you but does no damage.
You now have 9/43 hp.
You hit the adder.
You kill the adder!
* * * LOW HITPOINT WARNING * * *
You feel sick.
The leopard gecko bites you but does no damage.
You take 1 damage, and have 8/43 hp.
You cannot move.
You cannot move.
You cannot move.
Unknown command.
You closely miss the leopard gecko.
* * * LOW HITPOINT WARNING * * *
You feel sick.
The leopard gecko bites you but does no damage.
You take 1 damage, and have 7/43 hp.
You sock the leopard gecko!
You kill the leopard gecko!
* * * LOW HITPOINT WARNING * * *
You feel sick.
You cannot move.
You cannot move.
You cannot move.
You cannot move.
You cannot move.
Unknown command.
As you read the scroll labeled JOMEK NEOF, it crumbles to dust.
It is a scroll of identify.
You don't have any unidentified items.
R - 2 scrolls of identify
* * * LOW HITPOINT WARNING * * *
You feel sick.
You take 1 damage, and have 6/43 hp.
There is a lethal amount of poison in your body!
There is a lethal amount of poison in your body!
There is a lethal amount of poison in your body!
There is a lethal amount of poison in your body!
There is a lethal amount of poison in your body!
There is a lethal amount of poison in your body!
There is a lethal amount of poison in your body!
There is a lethal amount of poison in your body!
* * * LOW HITPOINT WARNING * * *
You feel sick.
You take 1 damage, and have 5/43 hp.
* * * LOW HITPOINT WARNING * * *
You feel sick.
You take 1 damage, and have 4/43 hp.
* * * LOW HITPOINT WARNING * * *
You feel sick.
You take 1 damage, and have 3/43 hp.
* * * LOW HITPOINT WARNING * * *
You feel sick.
You take 1 damage, and have 2/43 hp.
* * * LOW HITPOINT WARNING * * *
You feel sick.
You take 1 damage, and have 1/43 hp.
You die... █████

████.†.█
█....†♣█
█.......█
...██...█
█


█████ There were no monsters in sight!

Vanquished Creatures
  2 adders
  A dart slug (D:1)
  2 leopard geckos
  2 ball pythons (D:1)
  A giant cockroach (D:1)
  3 goblins (D:1)
  2 hobgoblins (D:1)
  2 jackals (D:1)
  A kobold (D:1)
  5 bats (D:1)
  2 frilled lizards (D:1)
  7 rats (D:1)
30 creatures vanquished.

Notes
Turn   | Place    | Note
-------+----------+-------------------------------------------
     0 | D:1      | Goblin1989 the Demonspawn Monk began the quest for the Orb.
     0 | D:1      | Reached XP level 1. HP: 18/18 MP: 1/1
   140 | D:1      | Reached skill level 3 in Maces & Flails
   289 | D:1      | Gained mutation: You are partially covered in thin metallic scales. (AC +2) [demonic ancestry]
   289 | D:1      | Reached XP level 2. HP: 19/24 MP: 2/2
   661 | D:1      | Gained mutation: You are immune to rotting. [demonic ancestry]
   661 | D:1      | Reached XP level 3. HP: 27/29 MP: 3/3
   679 | D:1      | Upgraded the game from 0.21-a0-104-g7b58145 to 0.21-a0-110-g8e1637b
   871 | D:1      | Reached skill level 4 in Maces & Flails
  1026 | D:2      | Gained mutation: You occasionally shout uncontrollably at your foes. [potion of mutation]
  1026 | D:2      | Gained mutation: Your flesh is heat resistant. (rF+) [potion of mutation]
  1038 | D:2      | HP: 2/43 [poisoned by an adder]
  1041 | D:2      | Succumbed to an adder's poison

Vault maps used:
D:1:      moated_graveyard_arrival, hangedman_decor_peaks_small
D:2:      grunt_temple_overflow_open, hangedman_decor_push

Skill      XL: |  1  2  3 |
---------------+----------+-----
Maces & Flails | 3 4 |  4.2
Fighting       | |  3.0
Dodging        | |  2.6
Stealth        | |  1.7

Action                   || total
-------------------------++-------
Melee: Mace              ||   102
  Use: Potion            ||     3
       Scroll            ||     1
 Stab: Sleeping          ||     3
Armor: Ring mail         ||    43
       Robe              ||     1
       Skin              ||     3
Dodge: Dodged            ||    78

Vault maps used:
D:1:      moated_graveyard_arrival, hangedman_decor_peaks_small
D:2:      grunt_temple_overflow_open, hangedman_decor_push
